 Dungeon Crawl Stone Soup version 0.28-a0-447-g1f95980246 (webtiles) character file.

Game seed: 12744769295699527081

371 wakim the Poker (level 6, 0/73 HPs)
             Began as a Merfolk Berserker on Sept 13, 2021.
             Was a Priest of Trog.
             Killed by divine providence
             ... invoked by an orc priest
              (14 damage)
             ... on level 4 of the Dungeon.
             The game lasted 00:07:16 (4659 turns).

wakim the Poker (Merfolk Berserker)                 Turns: 4659, Time: 00:07:17

Health: 0/73       AC: 12    Str: 19    XL:     6   Next: 71%
Magic:  15/15      EV: 12    Int:  7    God:    Trog [***...]
Gold:   142        SH:  0    Dex: 13    Spells: 5/5 levels left

rFire   . . .      SeeInvis .   a - +0 trident
rCold   . . .      Faith    .   (no shield)
rNeg    . . .      Spirit   .   e - quicksilver dragon scales
rPois   .          Reflect  .   m - +1 helmet
rElec   .          Harm     .   (no cloak)
rCorr   .          Rampage  .   (no gloves)
Will    +....                   (no boots)
Stlth   ..........              (no amulet)
HPRegen 0.22/turn               n - ring of magical power
MPRegen 0.14/turn               (no ring)

@: berserking (expiring), very quick
A: (nimble swimmer 2), mertail
a: Renounce Religion, Berserk, Trog's Hand


You were on level 4 of the Dungeon.
You worshipped Trog.
Trog was most pleased with you.
You visited 1 branch of the dungeon, and saw 4 of its levels.

You collected 142 gold pieces.

Inventory:

Hand Weapons
 a - a +0 trident (weapon)
 b - a +0 trident
Armour
 e - quicksilver dragon scales (worn)
 m - a +1 helmet (worn)
Jewellery
 n - a ring of magical power (left hand)
Wands
 v - a wand of flame (21)
Scrolls
 f - a scroll of fog {unknown}
 i - 5 scrolls of identify {unknown}
 l - 2 scrolls of teleportation {unknown}
 o - 2 scrolls of noise {unknown}
 q - a scroll of enchant weapon {unknown}
 r - a scroll of enchant armour {unknown}
Potions
 c - 2 potions of lignification {unknown}
 d - 2 potions of curing {unknown}
 g - 2 potions of attraction {unknown}
 h - 2 potions of mutation {unknown}
 j - a potion of heal wounds {unknown}
 k - 2 potions of brilliance {unknown}
 p - a potion of cancellation {unknown}


   Skills:
 + Level 4.7 Fighting
 * Level 7.4 Polearms
 + Level 2.5 Armour
 + Level 4.7 Dodging


You had 5 spell levels left.
You didn't know any spells.
Your spell library was empty.

Dungeon Overview and Level Annotations

Branches:
Dungeon (4/15)
 Temple: D:4-7

Altars:

Annotations:
D:4 Grinder, Robin


Innate Abilities, Weirdness & Mutations

((You are quick and stealthy near water. (Stealth+, EV+, Speed+++)))
Your lower body shifts to a powerful aquatic tail in water.


Message History

The endoplasm closely misses you. The orc barely misses you.
An iguana comes into view.
Things that are here:
a +0 club; a hobgoblin corpse; a goblin corpse The iguana hisses angrily.
You hit the iguana but do no damage.
The orc priest looks satisfied for a moment.
The iguana closely misses you.
A red film seems to cover your vision as you go berserk!
You feel yourself moving faster!
You feel mighty!
The orc priest looks encouraged for a moment.
The orc hits you but does no damage. The iguana bites you.
* * * LOW HITPOINT WARNING * * *
You puncture the orc!
You kill the orc!
Trog accepts your kill. The endoplasm freezes you.
You are frozen.
* * * LOW HITPOINT WARNING * * *
The iguana bites you!
* * * LOW HITPOINT WARNING * * *
You puncture the iguana!
The iguana is severely wounded.
The orc priest looks encouraged for a moment.
You barely miss the iguana.
The iguana is severely wounded.
The endoplasm barely misses you.
The iguana bites you but does no damage.
Unknown command.
You barely miss the iguana.
The iguana is severely wounded.
The orc priest looks encouraged for a moment.
You puncture the iguana!
You kill the iguana!
Trog accepts your kill. The endoplasm closely misses you.
The orc priest mumbles some strange prayers to Beogh against you.
Beogh smites you!
You die...

.).# .<.# ##### ...# #...#
...# #...#### ###### ..##
#...#... ...... .## #.....
###?..... . #...#
#########..)..... .
####...###J).oo{...#).....
.
#...<...†@)#########......
#.##....#### ##...... ...
#....# #...o..# ....#
####.# #...o..# ##... #..#
#......# #....
....#########....[.# #....
....................#
#....
.......##.....##{.....
........g..#..o.oo.<..#


You could see an orc priest, an orc and an endoplasm.

Vanquished Creatures
  A black bear (D:3)
  An orc priest (D:4)
  An iguana (D:4)
  Natasha (thrice) (D:3)
  A hound skeleton (D:4)
  A gnoll (D:1)
  5 adders
  3 worms (D:2)
  3 dart slugs (D:1)
  8 orcs
  6 endoplasms
  2 giant cockroaches (D:1)
  13 goblins
  8 hobgoblins
  8 kobolds
  3 quokkas
  9 ball pythons
  3 bats
  13 frilled lizards
  6 rats
98 creatures vanquished.

Vanquished Creatures (others)
  3 plants (D:3)
3 creatures vanquished.

Grand Total: 101 creatures vanquished

Notes
Turn   | Place    | Note
-------+----------+-------------------------------------------
     0 | D:1      | wakim the Merfolk Berserker began the quest for the Orb.
     0 | D:1      | Reached XP level 1. HP: 18/18 MP: 1/1
   467 | D:1      | Reached XP level 2. HP: 22/24 MP: 2/2
   506 | D:1      | Found a faded altar of an unknown god.
   680 | D:1      | Reached skill level 5 in Polearms
   783 | D:1      | Reached XP level 3. HP: 28/29 MP: 3/3
  1375 | D:2      | You fall into a shaft and drop 2 floors!
  1626 | D:3      | Reached ** piety under Trog
  1693 | D:3      | Reached XP level 4. HP: 37/37 MP: 4/4
  2313 | D:3      | Noticed a black bear
  2319 | D:3      | Killed a black bear
  2320 | D:3      | Reached skill level 6 in Polearms
  2320 | D:3      | Reached XP level 5. HP: 42/42 MP: 5/5
  3341 | D:2      | Reached XP level 6. HP: 46/49 MP: 6/6
  4194 | D:4      | Noticed Natasha
  4195 | D:4      | Noticed Robin
  4199 | D:4      | Noticed Grinder
  4208 | D:3      | Killed Natasha
  4250 | D:3      | Noticed Natasha
  4267 | D:3      | Killed Natasha
  4268 | D:3      | Reached skill level 7 in Polearms
  4441 | D:3      | Noticed Natasha
  4452 | D:3      | Killed Natasha
  4532 | D:3      | Reached *** piety under Trog
  4659 | D:4      | Killed from afar by an orc priest

Illustrated notes

Levels and vault maps discovered:
D:1:      scummos_arrival_star, layout_basic, basic_ecumenical_altar,
          kennysheep_doodads
D:2:      minmay_spotlight, layout_basic, minmay_misc_feat_alley
D:3:      layout_basic, corexii_shack, minmay_lizard_king
D:4:      layout_rooms, minmay_ogre_servants, uniq_robin, uniq_natasha,
          uniq_grinder

Skill      XL: |  1  2  3  4  5  6 |
---------------+-------------------+-----
Dodging        | 3 4 |  4.7
Polearms       | 5 6 7 |  7.4
Fighting       | 4 |  4.7
Armour         | 2 |  2.5

Action                   |  1- 3 |  4- 6 || total
-------------------------+-------+-------++-------
Melee: Spear             |   111 |     1 ||   112
       Trident           |       |   205 ||   205
Invok: Berserk           |     1 |     3 ||     4
       Trog's Hand       |       |     1 ||     1
Armor: Animal skin       |     1 |       ||     1
       Quicksilver drago |    24 |    80 ||   104
Dodge: Dodged            |    39 |   115 ||   154

Table legend: (Time is in decaauts)
 A = Elapsed time spent in this place.
 B = Non-inter-level travel time spent in this place.
 C = Inter-level travel time spent in this place.
 D = Time resting spent in this place.
 E = Time spent auto-exploring this place.
 F = Levels seen in this place.
 G = Mean time per level.
                   A        B        C        D        E       F      G
               +--------+--------+--------+--------+--------+-----+--------+
         Total |   4664 |   4399 |    265 |    341 |   3267 |   4 | 1166.0 |
       Dungeon |   4664 |   4399 |    265 |    341 |   3267 |   4 | 1166.0 |
               +--------+--------+--------+--------+--------+-----+--------+

Top non-repeatable levels by time:
     D:3: 1805 daAuts
     D:2: 1417 daAuts
     D:1: 1334 daAuts
     D:4: 108 daAuts
